 Dungeon Crawl Stone Soup version 0.28.0-53-g5a82cb258f (console) character file.

Game seed: 5145098144531823687

140 Banquo the Chopper (level 5, 0/69 HPs)
             Began as a Hill Orc Fighter on May 22, 2022.
             Slain by an orc priest
             ... wielding a +0 club
              (3 damage)
             ... on level 4 of the Dungeon.
             The game lasted 00:05:39 (2822 turns).

Banquo the Chopper (Hill Orc Fighter)               Turns: 2822, Time: 00:05:40

Health: 0/69       AC: 10    Str: 21    XL:     5   Next: 22%
Magic:  5/5        EV:  7    Int:  8    God:
Gold:   207        SH:  0    Dex: 10    Spells: 4/4 levels left

rFire   . . .      SeeInvis .   a - +0 war axe
rCold   . . .      Faith    .   i - +0 buckler
rNeg    . . .      Spirit   .   d - +0 chain mail
rPois   .          Reflect  .   (no helmet)
rElec   .          Harm     .   e - +0 cloak
rCorr   .          Rampage  .   (no gloves)
Will    .....                   (no boots)
Stlth   ..........              (no amulet)
HPRegen 0.21/turn               (no ring)
MPRegen 0.09/turn               (no ring)

@: confused, berserking (expiring), very quick
A: no striking features
a: Convert to Beogh


You were on level 4 of the Dungeon.
You visited 1 branch of the dungeon, and saw 4 of its levels.

You collected 207 gold pieces.

Inventory:

Hand Weapons
 a - a +0 war axe (weapon)
 b - a +4 mace of protection
 p - the +5 dagger of the Doomed Warrior {flame, Fly rPois Will- Str+2}
   (You found it on level 2 of the Dungeon)

   It burns those it strikes, dealing additional fire damage.
   Str:       It affects your strength (+2).
   rPois:     It protects you from poison.
   Fly:       It grants you flight.
   Will:      It decreases your willpower.
Missiles
 g - 3 poisoned darts
 o - 62 stones (quivered)
Armour
 d - a +0 chain mail (worn)
 e - a +0 cloak (worn)
 i - a +0 buckler (worn)
 n - a +1 leather armour of fire resistance
 s - a +0 scale mail
Jewellery
 y - an amulet of faith
Wands
 u - a wand of digging (3)
Scrolls
 c - 2 scrolls of teleportation
Potions
 f - a potion of lignification {unknown}
 j - a potion of berserk rage
 m - a potion of curing {unknown}
 q - 2 potions of flight {unknown}
 r - 2 potions of attraction {unknown}
 t - 2 potions of might
 v - a potion of heal wounds {unknown}
 w - a potion of degeneration {unknown}
 x - a potion of cancellation {unknown}
 z - a potion of ambrosia


   Skills:
 + Level 4.2 Fighting
 * Level 5.5 Axes
 + Level 4.0 Armour
 + Level 0.1 Dodging
 + Level 3.6 Shields


You had 4 spell levels left.
You didn't know any spells.
Your spell library contained the following spells:

 Spells                   Type           Power      Damage    Failure   Level
 Magic Dart               Conj           0%         1d3       99%         1
 Call Imp                 Summ           0%         N/A       100%        2
 Gell's Gravitas          Tloc           0%         N/A       100%        3
 Mephitic Cloud           Conj/Pois/Air  0%         N/A       100%        3
 Stone Arrow              Conj/Erth      0%         3d7       100%        3
 Swiftness                Air            0%         N/A       100%        3
 Teleport Other           Tloc           0%         N/A       100%        3
 Freezing Cloud           Conj/Ice/Air   0%         6-21      100%        5
 Dispersal                Tloc           0%         N/A       100%        6


Dungeon Overview and Level Annotations

Branches:
Dungeon (4/15)             Temple (0/1) D:4

Altars:
Fedhas

Shops:
D:3 *

Annotations:
D:4 Sigmund


Message History

The orc priest hits you but does no damage.
You bump into the stone wall.
The orc priest hits you with a +0 flail!
The orc wizard casts a spell at you.
You are more confused.
The orc priest invokes the aid of Beogh against you.
Beogh smites you!
Unknown command.
It was a potion of berserk rage.
A red film seems to cover your vision as you go berserk!
You feel yourself moving faster!
You feel mighty!
The orc priest looks braver for a moment.
The orc wizard hits you but does no damage.
The orc priest hits you but does no damage.
You miss the orc wizard. You barely miss the orc priest.
You closely miss the orc priest.
The orc priest hits you with a +0 flail.
The orc wizard points at you and mumbles some strange words.
You are more confused.
You bump into the stone wall.
The orc priest hits you but does no damage.
The orc priest hits you with a +0 flail.
* * * LOW HITPOINT WARNING * * *
The orc wizard hits you but does no damage.
You hit the orc wizard but do no damage.
You barely miss the orc priest. You closely miss the orc priest.
The orc priest invokes the aid of Beogh against you.
Pain shoots through your body!
* * * LOW HITPOINT WARNING * * *
Unknown command.
You bump into the translucent stone wall.
The orc priest hits you with a +0 flail!
* * * LOW HITPOINT WARNING * * *
The orc wizard closely misses you.
Unknown command.
You closely miss the orc wizard. You closely miss the orc priest.
You barely miss the orc priest.
The orc priest shouts, "Beogh is our master!
Accept the truth or die!"
The orc priest hits you with a +0 club.
You die...

*,*,*,********,,******#..
*,*,,.#### **,** #..
*,***,...#*****,,***###..
*,,,,,......,,,,,,,,.....
*********,*..#..****.##***#..
*,,,,,,,,,,..##.* ##..## #..
*,,,,,,,,#,#....###....# #..
*^,,,,,,,#.###,..##....# #.,
*,,,,,..##))@###.......####,,
***,*#..#..ooo...#.......#*,,
*,,..##..>..##......(..#**,
*,,*........#..........#*,,
*,,..###...##..........##,,
*,,.,,,###.#..##........#,,
******...#.#..#.........#.,
###...................
*#.#.###............


You could see 2 orc priests and an orc wizard.

Vanquished Creatures
  A scorpion (D:2)
  Terence (D:2)
  2 worms (D:2)
  A dart slug (D:3)
  2 orcs (D:4)
  3 bats
  2 endoplasms
  A giant cockroach (D:2)
  5 hobgoblins
  3 jackals (D:1)
  A quokka (D:2)
  9 ball pythons
  4 frilled lizards
  2 goblins
  5 kobolds
  3 rats
45 creatures vanquished.

Vanquished Creatures (others)
  4 toadstools (D:3)
4 creatures vanquished.

Grand Total: 49 creatures vanquished

Notes
Turn   | Place    | Note
-------+----------+-------------------------------------------
     0 | D:1      | Banquo the Hill Orc Fighter began the quest for the Orb.
     0 | D:1      | Reached XP level 1. HP: 19/19 MP: 1/1
   293 | D:1      | Reached skill level 3 in Axes
   293 | D:1      | Reached XP level 2. HP: 26/27 MP: 2/2
   296 | D:1      | Found a faded altar of an unknown god.
  1069 | D:2      | Identified the +5 dagger of the Doomed Warrior {flame, Fly
                  | rPois Will- Str+2}
  1282 | D:2      | Reached XP level 3. HP: 30/33 MP: 3/3
  1545 | D:2      | Noticed Terence
  1558 | D:2      | Killed Terence
  1559 | D:2      | Reached skill level 4 in Axes
  1559 | D:2      | Reached XP level 4. HP: 22/40 MP: 4/4
  2008 | D:3      | Got the Catalogue of Lethal Air
  2023 | D:3      | Noticed a scorpion
  2039 | D:2      | Killed a scorpion
  2040 | D:2      | Reached skill level 5 in Axes
  2040 | D:2      | Reached XP level 5. HP: 39/46 MP: 5/5
  2246 | D:3      | Found a blossoming altar of Fedhas.
  2377 | D:3      | Found Vaclier's General Store.
  2735 | D:4      | Noticed Sigmund
  2802 | D:4      | Found a staircase to the Ecumenical Temple.
  2821 | D:4      | HP: 3/69 [orc priest/+0 flail (7)]
  2822 | D:4      | Slain by an orc priest

Illustrated notes

Levels and vault maps discovered:
D:1:      co_arrival_random_square_maze, layout_loops_corners,
          hellmonk_ecumenical_altar_dog_temple
D:2:      layout_loops_ring, minmay_cupped, uniq_terence
D:3:      layout_rooms, fedhas_altar_1, serial_shops, nicolae_square_shop,
          minmay_gold_behind_fungi, nicolae_figureground_pulse
D:4:      layout_basic, jmf_multi_god_temple, minmay_temple_entry_slanted,
          uniq_sigmund

Skill      XL: |  1  2  3  4 |
---------------+-------------+-----
Axes           | 3 4 5 |  5.5
Fighting       | 4 |  4.2
Armour         | 4 |  4.0
Dodging        | |  0.1
Shields        | |  3.6

Action                   |  1- 3 |  4- 6 || total
-------------------------+-------+-------++-------
Melee: War axe           |    76 |    31 ||   107
  Use: Scroll            |       |     5 ||     5
       Potion            |       |     1 ||     1
Armor: Scale mail        |    37 |       ||    37
       Chain mail        |       |    26 ||    26
Dodge: Dodged            |    31 |    16 ||    47
Block: Buckler           |    22 |     4 ||    26
